TOP OF THE 1ST |
Washington Generals batting - Pitching for Delaware 1787 BC : RHP Lincoln Spooner
|
Pitching: RHP Lincoln Spooner
|
|
Batting: RHB Júlio Rodríguez
|
0-0: Ball 1-0: Foul Ball, location: 2F 1-1: Swinging Strike 1-2: Foul Ball, location: 2F 1-2: Foul Ball, location: 2F 1-2: Strikes out looking
|
Batting: RHB Bill Perkins
|
0-0: Ball 1-0: Ball 2-0: Ball 3-0: Called Strike 3-1: Foul Ball, location: 2F 3-2: Base on Balls
|
Batting: RHB Ricardo Sandoval
|
0-0: Called Strike 0-1: Fly out, F7 (Line Drive, 7)
|
Batting: RHB Daryl Yandell
|
0-0: Ball 1-0: Foul Ball, location: 2F 1-1: Called Strike 1-2: Foul Ball, location: 2F 1-2: Ground out 3-1 (Groundball, 34S)
|
Top of the 1st over - 0 runs, 0 hits, 0 errors, 1 left on base; Washington 0 - Delaware 0 |
BOTTOM OF THE 1ST |
Delaware 1787 BC batting - Pitching for Washington Generals : LHP Dan Fletcher
|
Pitching: LHP Dan Fletcher
|
|
Batting: LHB Ramón Garmendia
|
0-0: Called Strike 0-1: Ball 1-1: Ball 2-1: Ball 3-1: SINGLE (Groundball, 34S) (infield hit)
|
Batting: RHB Jesús Guzmán
|
0-0: Ball 1-0: Ball 2-0: Fielders Choice at 2nd, 1-6 (Groundball, P)
|
Batting: RHB Mikko Haataja
|
0-0: Foul Ball, location: 2F 0-1: Ball 1-1: SINGLE (Groundball, 6MD) Jesús Guzmán to second Runner from 2nd tries for 3rd, SAFE, no throw
|
Batting: LHB Kelvin Abbott
|
0-0: Ball 1-0: Foul Ball, location: 2F 1-1: Foul Ball, location: 2F 1-2: Strikes out looking Mikko Haataja steals 2nd base Batter strikes out.
|
Batting: RHB Jeff Quesenberry
|
0-0: Ball 1-0: Ball 2-0: Called Strike 2-1: Fly out, F4 (Popup, 4)
|
Bottom of the 1st over - 0 runs, 2 hits, 0 errors, 2 left on base; Washington 0 - Delaware 0 |
TOP OF THE 2ND |
Washington Generals batting - Pitching for Delaware 1787 BC : RHP Lincoln Spooner
|
Batting: RHB Alonso Vielma
|
0-0: Ball 1-0: Called Strike 1-1: Swinging Strike 1-2: Ball 2-2: Strikes out looking
|
Batting: RHB Michael Palledorous
|
0-0: Called Strike 0-1: Foul Ball, location: 2F 0-2: Ground out U3 (Groundball, 3)
|
Batting: RHB Mike Lipide
|
0-0: Ball 1-0: Ball 2-0: Called Strike 2-1: SINGLE (Flyball, 9LS)
|
Batting: RHB Alan Patterson
|
0-0: Ball 1-0: Ball 2-0: Foul Ball, location: 2F 2-1: Called Strike 2-2: Foul Ball, location: 2F 2-2: Strikes out swinging
|
Top of the 2nd over - 0 runs, 1 hit, 0 errors, 1 left on base; Washington 0 - Delaware 0 |
BOTTOM OF THE 2ND |
Delaware 1787 BC batting - Pitching for Washington Generals : LHP Dan Fletcher
|
Batting: RHB Elwiin Hund
|
0-0: Ball 1-0: Ground out 1-3 (Groundball, P)
|
Batting: RHB Tomás Cameros
|
0-0: Fly out, F4 (Popup, 4D)
|
Batting: LHB Bryce Abood
|
0-0: Ball 1-0: Called Strike 1-1: Ball 2-1: Ground out 4-3 (Groundball, 4M)
|
Bottom of the 2nd over - 0 runs, 0 hits, 0 errors, 0 left on base; Washington 0 - Delaware 0 |
TOP OF THE 3RD |
Washington Generals batting - Pitching for Delaware 1787 BC : RHP Lincoln Spooner
|
Batting: RHB Dan Vanblarcom
|
0-0: Ball 1-0: Called Strike 1-1: Ball 2-1: Ball 3-1: Swinging Strike 3-2: Strikes out swinging
|
Batting: RHB Júlio Rodríguez
|
0-0: Foul Ball, location: 2F 0-1: Foul Ball, location: 2F 0-2: SOLO HOME RUN (Flyball, 7LD), Distance : 345 ft
|
Batting: RHB Bill Perkins
|
0-0: Ball 1-0: Called Strike 1-1: Ball 2-1: TRIPLE (Flyball, 78XD)
|
Batting: RHB Ricardo Sandoval
|
0-0: SINGLE (Line Drive, 89S) Bill Perkins scores
|
Batting: RHB Daryl Yandell
|
0-0: Ball 1-0: Grounds into double play, 6-4-3 (Groundball, 6)
|
Top of the 3rd over - 2 runs, 3 hits, 0 errors, 0 left on base; Washington 2 - Delaware 0 |
BOTTOM OF THE 3RD |
Delaware 1787 BC batting - Pitching for Washington Generals : LHP Dan Fletcher
|
Batting: LHB Donovan Inman
|
0-0: Ball 1-0: Ball 2-0: SINGLE (Line Drive, 4D)
|
Batting: LHB Ramón Garmendia
|
0-0: Foul Ball, location: 2F 0-1: Fly out, F8 (Line Drive, 8RM)
|
Batting: RHB Jesús Guzmán
|
0-0: Ball 1-0: Ball 2-0: Ball 3-0: Called Strike 3-1: SINGLE (Line Drive, 78S) Donovan Inman to second
|
Batting: RHB Mikko Haataja
|
0-0: Ball 1-0: Ball 2-0: Called Strike 2-1: Foul Ball, location: 2F 2-2: Foul Ball, location: 2F 2-2: Ball 3-2: Base on Balls Donovan Inman to third Jesús Guzmán to second
|
Batting: LHB Kelvin Abbott
|
0-0: Called Strike 0-1: Ball 1-1: Foul Ball, location: 2F 1-2: Fly out, F9 (Flyball, 9LMF) Runner from 3rd tags up, SCORES, no throw
|
Batting: RHB Jeff Quesenberry
|
0-0: Called Strike 0-1: Called Strike 0-2: Ball 1-2: SINGLE (Groundball, 25) (infield hit) Jesús Guzmán to third Mikko Haataja to second
|
Batting: RHB Elwiin Hund
|
0-0: Ball 1-0: Ball 2-0: Foul Ball, location: 2F 2-1: Reached on error, E3 (Groundball, 3) Jesús Guzmán scores Mikko Haataja to third Jeff Quesenberry to second
|
Batting: RHB Tomás Cameros
|
0-0: Ball 1-0: Foul Ball, location: 2F 1-1: Called Strike 1-2: Strikes out swinging
|
Bottom of the 3rd over - 2 runs, 3 hits, 1 error, 3 left on base; Washington 2 - Delaware 2 |
TOP OF THE 4TH |
Washington Generals batting - Pitching for Delaware 1787 BC : RHP Lincoln Spooner
|
Batting: RHB Alonso Vielma
|
0-0: Ball 1-0: Foul Ball, location: 2F 1-1: Ball 2-1: Called Strike 2-2: Foul Ball, location: 2F 2-2: Strikes out looking
|
Batting: RHB Michael Palledorous
|
0-0: Foul Ball, location: 2F 0-1: Ball 1-1: SINGLE (Line Drive, 6M)
|
Batting: RHB Mike Lipide
|
0-0: Grounds into double play, 5-4-3 (Groundball, 56)
|
Top of the 4th over - 0 runs, 1 hit, 0 errors, 0 left on base; Washington 2 - Delaware 2 |
BOTTOM OF THE 4TH |
Delaware 1787 BC batting - Pitching for Washington Generals : LHP Dan Fletcher
|
Batting: LHB Bryce Abood
|
0-0: Ball 1-0: Ball 2-0: Ball 3-0: Base on Balls
|
Batting: LHB Donovan Inman
|
0-0: Swinging Strike 0-1: Ball 1-1: Called Strike 1-2: Ball 2-2: SINGLE (Line Drive, 9LS) Bryce Abood to second
|
Batting: LHB Ramón Garmendia
|
0-0: Called Strike 0-1: SINGLE (Groundball, 4MD) Bryce Abood to third Donovan Inman to second
|
Pitching: RHP Kyu-jin Yun
|
|
Batting: RHB Jesús Guzmán
|
0-0: Ball 1-0: Ball 2-0: Ball 3-0: Base on Balls Bryce Abood scores Donovan Inman to third Ramón Garmendia to second
|
Batting: RHB Mikko Haataja
|
0-0: Called Strike 0-1: Called Strike 0-2: Ball 1-2: Foul Ball, location: 2F 1-2: Ball 2-2: Ball 3-2: Fly out, F8 (Flyball, 8RXD) Runner from 3rd tags up, SCORES, no throw Ramón Garmendia to third
|
Batting: LHB Kelvin Abbott
|
0-0: Ball 1-0: Ball 2-0: Called Strike 2-1: Ball 3-1: Ground out 3-1 (Groundball, 34S) Ramón Garmendia scores Jesús Guzmán to second
|
Batting: RHB Jeff Quesenberry
|
0-0: Called Strike Jesús Guzmán steals 3rd base 0-1: Foul Ball, location: 2F 0-2: Ball 1-2: SINGLE (Line Drive, 8LS) Jesús Guzmán scores
|
Batting: RHB Elwiin Hund
|
0-0: Ball 1-0: DOUBLE (Line Drive, 7LD) Jeff Quesenberry to third
|
Batting: RHB Tomás Cameros
|
0-0: Called Strike 0-1: Ball 1-1: Ball 2-1: SINGLE (Groundball, 56D) Jeff Quesenberry scores Elwiin Hund to third Runner from 3rd tries for Home, SAFE, no throw
|
Batting: LHB Bryce Abood
|
0-0: Called Strike 0-1: Ball 1-1: Ball 2-1: Swinging Strike 2-2: Foul Ball, location: 2F 2-2: Foul Ball, location: 2F 2-2: Foul Ball, location: 2F 2-2: Ball 3-2: Base on Balls Tomás Cameros to second
|
Batting: LHB Donovan Inman
|
0-0: Foul Ball, location: 2F 0-1: Ball 1-1: Called Strike 1-2: Ball 2-2: DOUBLE (Line Drive, 9LM) Tomás Cameros scores Bryce Abood to third Runner from 3rd tries for Home, SAFE, no throw
|
Batting: LHB Ramón Garmendia
|
0-0: Swinging Strike 0-1: Called Strike 0-2: Ball 1-2: Foul Ball, location: 2F 1-2: Ball 2-2: Hit by Pitch
|
Batting: RHB Jesús Guzmán
|
0-0: Fielders Choice at 2nd, 5-4 (Groundball, 56)
|
Bottom of the 4th over - 8 runs, 6 hits, 0 errors, 2 left on base; Washington 2 - Delaware 10 |
TOP OF THE 5TH |
Washington Generals batting - Pitching for Delaware 1787 BC : RHP Lincoln Spooner
|
Batting: RHB Alan Patterson
|
0-0: DOUBLE (Popup, 4D)
|
Batting: RHB Dan Vanblarcom
|
0-0: Ball Alan Patterson steals 3rd base 1-0: SINGLE (Groundball, 56D) Alan Patterson scores
|
Batting: RHB Júlio Rodríguez
|
0-0: Ball 1-0: Ball 2-0: Called Strike 2-1: Ball 3-1: Fly out, F4 (Popup, 34)
|
Batting: RHB Bill Perkins
|
0-0: Ball 1-0: Swinging Strike 1-1: Ball 2-1: Ball 3-1: Called Strike 3-2: Strikes out swinging
|
Batting: RHB Ricardo Sandoval
|
0-0: Ball 1-0: Ball 2-0: Ball 3-0: Called Strike 3-1: Ground out 1-3 (Groundball, 13)
|
Top of the 5th over - 1 run, 2 hits, 0 errors, 1 left on base; Washington 3 - Delaware 10 |
BOTTOM OF THE 5TH |
Delaware 1787 BC batting - Pitching for Washington Generals : RHP Kyu-jin Yun
|
Batting: RHB Mikko Haataja
|
0-0: Ball 1-0: Foul Ball, location: 2F 1-1: Foul Ball, location: 2F 1-2: Ball 2-2: Foul Ball, location: 2F 2-2: Ball 3-2: Fly out, F7 (Line Drive, 7LM)
|
Batting: LHB Kelvin Abbott
|
0-0: Reached via error on a dropped throw, E1
|
Batting: RHB Jeff Quesenberry
|
0-0: Ball 1-0: Called Strike 1-1: Called Strike 1-2: Ball 2-2: SINGLE (Flyball, 4D) Kelvin Abbott to second Runner from 2nd tries for 3rd, SAFE, throw made to third
|
Batting: RHB Elwiin Hund
|
0-0: Ball 1-0: Ball 2-0: Ball 3-0: Called Strike 3-1: Base on Balls Jeff Quesenberry to second
|
Batting: RHB Tomás Cameros
|
0-0: Ball 1-0: Ball 2-0: Ball 3-0: Called Strike 3-1: SINGLE (Groundball, 56D) Kelvin Abbott scores Jeff Quesenberry to third Elwiin Hund to second Runner from 3rd tries for Home, SAFE, no throw
|
Batting: LHB Bryce Abood
|
0-0: Foul Ball, location: 2F 0-1: Foul Ball, location: 2F 0-2: Ball 1-2: Foul Ball, location: 2F 1-2: Strikes out swinging
|
Batting: LHB Donovan Inman
|
0-0: Ball 1-0: Ball 2-0: Fly out, F8 (Flyball, 8LD)
|
Bottom of the 5th over - 2 runs, 2 hits, 1 error, 2 left on base; Washington 3 - Delaware 12 |
TOP OF THE 6TH |
Washington Generals batting - Pitching for Delaware 1787 BC : RHP Lincoln Spooner
|
Batting: RHB Daryl Yandell
|
0-0: Ball 1-0: Ball 2-0: Called Strike 2-1: Ball 3-1: Called Strike 3-2: Foul Ball, location: 2F 3-2: SINGLE (Groundball, 6D)
|
Batting: RHB Alonso Vielma
|
0-0: Swinging Strike 0-1: Foul Ball, location: 2F 0-2: Strikes out swinging
|
Batting: RHB Michael Palledorous
|
0-0: Ball 1-0: Ground out 4-3 (Groundball, 4S) Daryl Yandell to second
|
Batting: RHB Mike Lipide
|
0-0: Ball 1-0: Ball 2-0: Ball 3-0: Base on Balls
|
Batting: RHB Alan Patterson
|
0-0: Ball 1-0: Called Strike 1-1: Fielders Choice at 2nd, 6-4 (Groundball, 56)
|
Top of the 6th over - 0 runs, 1 hit, 0 errors, 2 left on base; Washington 3 - Delaware 12 |
BOTTOM OF THE 6TH |
Delaware 1787 BC batting - Pitching for Washington Generals : RHP Kyu-jin Yun
|
Batting: LHB Ramón Garmendia
|
0-0: Ball 1-0: Ball 2-0: Ball 3-0: Called Strike 3-1: Called Strike 3-2: Foul Ball, location: 2F 3-2: Base on Balls
|
Batting: RHB Jesús Guzmán
|
0-0: Called Strike 0-1: Swinging Strike 0-2: Foul Ball, location: 2F 0-2: Ball 1-2: Strikes out swinging
|
Batting: RHB Mikko Haataja
|
0-0: Fly out, F8 (Flyball, 8LD)
|
Batting: LHB Kelvin Abbott
|
0-0: Ball 1-0: Ball 2-0: Ball Ramón Garmendia is caught stealing 2nd base
|
Bottom of the 6th over - 0 runs, 0 hits, 0 errors, 0 left on base; Washington 3 - Delaware 12 |
TOP OF THE 7TH |
Washington Generals batting - Pitching for Delaware 1787 BC : RHP Lincoln Spooner
|
Batting: RHB Dan Vanblarcom
|
0-0: Ball 1-0: Ball 2-0: Ball 3-0: Called Strike 3-1: Foul Ball, location: 2F 3-2: Foul Ball, location: 2F 3-2: Strikes out swinging
|
Batting: RHB Júlio Rodríguez
|
0-0: Called Strike 0-1: Called Strike 0-2: Ball 1-2: Strikes out swinging
|
Batting: RHB Bill Perkins
|
0-0: Foul Ball, location: 2F 0-1: Swinging Strike 0-2: Strikes out swinging
|
Top of the 7th over - 0 runs, 0 hits, 0 errors, 0 left on base; Washington 3 - Delaware 12 |
BOTTOM OF THE 7TH |
Delaware 1787 BC batting - Pitching for Washington Generals : RHP Kyu-jin Yun
|
Batting: LHB Kelvin Abbott
|
0-0: Ball 1-0: Called Strike 1-1: Foul Ball, location: 2F 1-2: Fly out, F8 (Flyball, 8RM)
|
Batting: RHB Jeff Quesenberry
|
0-0: Called Strike 0-1: Ball 1-1: Ball 2-1: Ball 3-1: Foul Ball, location: 2F 3-2: Foul Ball, location: 2F 3-2: Fly out, F8 (Flyball, 8RD)
|
Batting: RHB Elwiin Hund
|
0-0: Ball 1-0: Fly out, F7 (Flyball, 78S)
|
Bottom of the 7th over - 0 runs, 0 hits, 0 errors, 0 left on base; Washington 3 - Delaware 12 |
TOP OF THE 8TH |
Washington Generals batting - Pitching for Delaware 1787 BC : RHP Lincoln Spooner
|
Now in CF: Tobias Jimenez
|
|
Batting: RHB Ricardo Sandoval
|
0-0: Called Strike 0-1: Ball 1-1: Ball 2-1: Ball 3-1: Called Strike 3-2: Foul Ball, location: 2F 3-2: Base on Balls
|
Pitching: RHP Charles Wells
|
|
Batting: RHB Daryl Yandell
|
0-0: Foul Ball, location: 2F 0-1: Swinging Strike 0-2: Ball 1-2: Fly out, F6 (Popup, 6MS)
|
Batting: RHB Alonso Vielma
|
0-0: Called Strike 0-1: Ball 1-1: Ball 2-1: Swinging Strike 2-2: Strikes out swinging
|
Batting: RHB Michael Palledorous
|
0-0: Swinging Strike 0-1: Ball 1-1: Ball 2-1: Foul Ball, location: 2F 2-2: Fly out, F5 (Popup, 56S)
|
Top of the 8th over - 0 runs, 0 hits, 0 errors, 1 left on base; Washington 3 - Delaware 12 |
BOTTOM OF THE 8TH |
Delaware 1787 BC batting - Pitching for Washington Generals : RHP Kyu-jin Yun
|
Batting: RHB Tomás Cameros
|
0-0: Called Strike 0-1: Ball 1-1: Ball 2-1: Called Strike 2-2: Strikes out swinging
|
Batting: LHB Bryce Abood
|
0-0: Called Strike 0-1: Ball 1-1: Fly out, F9 (Flyball, 89M)
|
Batting: LHB Donovan Inman
|
0-0: Called Strike 0-1: Foul Ball, location: 2F 0-2: Ball 1-2: Strikes out swinging
|
Bottom of the 8th over - 0 runs, 0 hits, 0 errors, 0 left on base; Washington 3 - Delaware 12 |
TOP OF THE 9TH |
Washington Generals batting - Pitching for Delaware 1787 BC : RHP Charles Wells
|
Batting: RHB Mike Lipide
|
0-0: Called Strike 0-1: Ball 1-1: Ball 2-1: Foul Ball, location: 2F 2-2: Ball 3-2: Strikes out swinging
|
Batting: RHB Alan Patterson
|
0-0: Called Strike 0-1: SINGLE (Flyball, 89M)
|
Batting: RHB Dan Vanblarcom
|
0-0: Foul Ball, location: 2F 0-1: Foul Ball, location: 2F 0-2: Strikes out swinging
|
Batting: RHB Júlio Rodríguez
|
0-0: Fly out, F7 (Flyball, 78S)
|
Top of the 9th over - 0 runs, 1 hit, 0 errors, 1 left on base; Washington 3 - Delaware 12 |
|